 Dungeon Crawl Stone Soup version 0.24-a0-161-g3f7990a (webtiles) character file.

Game seed: 12616555157067128867

9413 Dfrag the Arsonist (level 11, -9/81 HPs)
             Began as a Naga Fire Elementalist on Mar 6, 2019.
             Was an Elder of Vehumet.
             Mangled by a troll zombie (11 damage)
             ... on level 10 of the Dungeon.
             The game lasted 00:23:15 (9866 turns).

Dfrag the Arsonist (Naga Fire Elementalist)         Turns: 9866, Time: 00:23:15

Health: -9/81      AC:  6    Str: 22    XL:     11   Next: 46%
Magic:  5/24       EV: 10    Int: 18    God:    Vehumet [****..]
Gold:   384        SH:  0    Dex: 14    Spells: 7/29 levels left

rFire    + + +     SeeInvis +   r - +3 spear "Zilis" {venom, +Rage Str+2} (curse)
rCold    x . .     Gourm    .   (no shield)
rNeg     . . .     Faith    .   y - +1 robe "Leczav" {rPois rF++ Dex+2 Stlth+}
rPois    +         Spirit   .   (no helmet)
rElec    .         Reflect  .   m - +0 cloak
rCorr    .         Harm     .   (no gloves)
MR       +....                  (no barding)
Stlth    +++.......             (no amulet)
HPRegen  0.23/turn              e - +4 ring of strength
MPRegen  0.19/turn              B - ring of fire

@: mighty, very slow
A: large, see invisible, deformed body, poison resistance, slowness 2, slow
metabolism 1, spit poison 1, AC +3
a: Spit Poison, Renounce Religion, Evoke Berserk Rage


You were on level 10 of the Dungeon.
You worshipped Vehumet.
Vehumet was greatly pleased with you.
You were hungry.

You visited 2 branches of the dungeon, and saw 11 of its levels.

You collected 384 gold pieces.

Inventory:

Hand Weapons
 h - a +2 dagger of venom
 r - the cursed +3 spear "Zilis" (weapon) {venom, +Rage Str+2}
   (You found it on level 4 of the Dungeon)

   It poisons the flesh of those it strikes.
   It affects your strength (+2).
   It lets you go berserk.
   It has a curse placed upon it.
Armour
 a - a +0 robe
 m - a +0 cloak (worn)
 y - the +1 robe "Leczav" (worn) {rPois rF++ Dex+2 Stlth+}
   (You found it on level 7 of the Dungeon)

   It affects your dexterity (+2).
   It greatly protects you from fire.
   It protects you from poison.
   It makes you more stealthy.
 I - the +1 ring mail of Intuition {rElec rPois Stlth+, unknown}
   (You found it on level 10 of the Dungeon)

   It insulates you from electricity.
   It protects you from poison.
   It makes you more stealthy.
Jewellery
 e - a +4 ring of strength (left hand)
 f - an uncursed ring of ice
 B - a ring of fire (right hand)
Wands
 i - a wand of polymorph (8)
 l - a wand of flame (21)
 v - a wand of random effects (13)
 F - a wand of paralysis (10)
 G - a wand of iceblast (5)
Scrolls
 b - 5 scrolls of enchant weapon
 d - 3 scrolls of random uselessness
 j - 2 scrolls of fear
 n - 2 scrolls of magic mapping
 p - 3 scrolls of remove curse
 q - 3 scrolls of teleportation
 w - 2 scrolls of fog {unknown}
 x - 2 scrolls of amnesia {unknown}
 H - a scroll of immolation {unknown}
Potions
 g - a potion of might
 k - a potion of magic
 o - a potion of haste {unknown}
 s - a potion of resistance
 t - a potion of invisibility {unknown}
 u - 2 potions of curing
 z - 3 potions of agility
 A - a potion of lignification {unknown}
 D - a potion of ambrosia {unknown}
 E - a potion of flight {unknown}
Comestibles
 c - 17 rations
 C - 17 chunks of flesh


   Skills:
 - Level 1.5 Dodging
 - Level 3.0 Stealth
 + Level 9.6 Spellcasting
 + Level 10.3 Conjurations
 + Level 10.6 Fire Magic


You had 7 spell levels left.
You knew the following spells:

 Your Spells              Type           Power        Failure   Level  Hunger
a - Flame Tongue          Conj/Fire      #####        1%          1    None
b - Conjure Flame         Conj/Fire      ######..     1%          3    None
c - Sticky Flame          Conj/Fire      ######..     1%          4    ###....
d - Fireball              Conj/Fire      ######....   1%          5    #####..
e - Venom Bolt            Conj/Pois      ####......   8%          5    #####..
f - Airstrike             Air            #.........   21%         4    ###....

Your spell library contained the following spells:

 Spells                   Type           Power        Failure   Level  Hunger
 Shock                    Conj/Air       ####         1%          1    None
 Throw Flame              Conj/Fire      ######       1%          2    None
 Inner Flame              Hex/Fire       #####...     1%          3    None
 Static Discharge         Conj/Air       ####....     1%          3    None
 Lightning Bolt           Conj/Air       ####......   8%          5    #####..
 Confusing Touch          Hex            #.....       9%          1    None
 Summon Small Mammal      Summ           #...         9%          1    None
 Call Imp                 Summ           #.......     13%         2    None
 Swiftness                Chrm/Air       #.......     13%         2    None
 Call Canine Familiar     Summ           #.......     26%         3    None
 Confuse                  Hex            #.......     26%         3    None
 Gell's Gravitas          Tloc           #.........   26%         3    None
 Summon Guardian Golem    Hex/Summ       #.......     26%         3    None
 Yara's Violent Unravell  Hex/Tmut       #.........   50%         5    #####..
 Petrify                  Tmut/Erth      #.......     63%         4    ###....
 Summon Ice Beast         Ice/Summ       #.......     63%         4    ###....
 Summon Lightning Spire   Summ/Air       #.......     63%         4    ###....
 Metabolic Englaciation   Hex/Ice        #.........   93%         5    #####..


Dungeon Overview and Level Annotations

Branches:
Dungeon (10/15)            Temple (1/1) D:4            Lair (0/6) D:8
    Orc: D:9-12

Altars:
Ashenzari
Cheibriados
Dithmenos
Elyvilon
Fedhas
Gozag
Hepliaklqana
Kikubaaqudgha
Makhleb
Nemelex Xobeh
Okawaru
Qazlal
Ru
Sif Muna
Trog
Uskayaw
Vehumet
Wu Jian
Xom
Yredelemnul
Zin
The Shining One

Shops:
D:10 (

Annotations:
D:5 2 transporters, quoriil's ghost, novice TeAK


Innate Abilities, Weirdness & Mutations

You cannot wear boots.
Your serpentine skin is tough. (AC +3)
You have supernaturally acute eyesight. (SInv)
Armour fits poorly on your strangely shaped body.
Your system is resistant to poisons. (rPois)
You cover ground very slowly.
You have a slow metabolism.
You can spit poison.


Message History

Unknown command.
You feel better.
The troll zombie bites you but does no damage.
The troll zombie claws you.
* * * LOW HITPOINT WARNING * * *
The troll zombie claws you.
* * * LOW HITPOINT WARNING * * *
The phantom hits you!
* * * LOW HITPOINT WARNING * * *
The phantom blinks!
Unknown command.
Okay, then.
Okay, then.
Unknown command.
It was a potion of might.
You feel very mighty all of a sudden. The troll zombie bites you!
* * * LOW HITPOINT WARNING * * *
The troll zombie claws you!
You die...

#.....%.# #.......#
#....)..# #.......#
#.......# # #....[W.#
#.#......<# #.....@..#
##†..÷Z..# ####'####
### #...# #.# ###.#
#'####### #.#
........# ######.####
..<.....# #.......^.#
........####.........#


You could see a phantom and a troll zombie.

Vanquished Creatures
  3 unseen horrors
  A troll (D:10)
  2 hippogriffs
  A wyvern (D:10)
  10 yaks (D:9)
  A hungry ghost (D:8)
  Duvessa (D:4)
  3 ice beasts
  2 orc warriors (D:9)
  3 black bears
  2 sky beasts
  2 phantoms
  8 ogres
  12 centaurs
  3 big kobolds (D:9)
  3 bullfrogs
  Dowan (D:4)
  4 scorpions
  A troll zombie (D:10)
  6 wights
  A howler monkey (D:4)
  5 electric eels (D:7)
  A crimson imp (D:5)
  3 quasits
  A bullfrog skeleton (D:4)
  8 orc wizards
  2 hounds
  6 orc priests
  4 jellies
  A gnoll shaman (D:6)
  An iron imp (D:8)
  Terence (D:2)
  Ijyb (D:3)
  2 iguanas
  13 worker ants
  2 hound zombies
  A hound skeleton (D:10)
  4 gnolls (D:6)
  12 adders
  6 oozes
  A worm (D:2)
  5 dart slugs
  6 leopard geckos
  30 orcs
  4 bats
  7 giant cockroaches
  6 goblins
  8 hobgoblins
  11 jackals
  9 quokkas
  3 ball pythons
  8 frilled lizards
  23 kobolds
  2 quokka skeletons
  18 rats
285 creatures vanquished.

Vanquished Creatures (others)
  An orc (D:4)
  A bush (D:2)
2 creatures vanquished.

Grand Total: 287 creatures vanquished

Notes
Turn   | Place    | Note
-------+----------+-------------------------------------------
     0 | D:1      | Dfrag the Naga Fire Elementalist began the quest for the
                  | Orb.
     0 | D:1      | Reached XP level 1. HP: 15/15 MP: 3/3
   108 | D:1      | Reached XP level 2. HP: 17/22 MP: 0/5
   278 | D:1      | Reached XP level 3. HP: 22/28 MP: 4/6
   791 | D:2      | Reached XP level 4. HP: 36/36 MP: 6/8
  1076 | D:2      | Noticed Terence
  1098 | D:2      | Killed Terence
  1563 | D:3      | Noticed Ijyb
  1570 | D:3      | Learned a level 3 spell: Conjure Flame
  1575 | D:3      | Learned a level 4 spell: Sticky Flame
  1582 | D:3      | Reached XP level 5. HP: 42/42 MP: 6/9
  1603 | D:3      | Killed Ijyb
  1677 | D:3      | Found a basalt altar of Yredelemnul.
  1708 | D:3      | Noticed Grinder
  1801 | D:3      | Noticed Grinder
  1801 | D:3      | Grinder changed into Grinder the quasit
  1806 | D:3      | Killed Grinder the quasit
  1975 | D:3      | Noticed a centaur
  1988 | D:3      | Killed a centaur
  1988 | D:3      | Reached XP level 6. HP: 38/49 MP: 2/11
  2122 | D:3      | Found a sacrificial altar of Ru.
  2600 | D:4      | Reached skill level 5 in Fire Magic
  2646 | D:4      | Found a staircase to the Ecumenical Temple.
  2668 | Temple   | Entered the Ecumenical Temple
  2725 | Temple   | Became a worshipper of Vehumet
  2750 | D:4      | Reached XP level 7. HP: 55/55 MP: 8/13
  2789 | D:4      | Noticed Duvessa
  3247 | D:4      | Found a hazy altar of Hepliaklqana.
  3393 | D:4      | Found a snail-covered altar of Cheibriados.
  3448 | D:4      | Noticed Dowan
  3490 | D:4      | Killed Duvessa
  3542 | D:4      | Learned a level 5 spell: Fireball
  3739 | D:4      | Killed Dowan
  3739 | D:4      | Reached skill level 5 in Conjurations
  3773 | D:4      | Reached skill level 5 in Spellcasting
  3773 | D:4      | Reached XP level 8. HP: 53/62 MP: 10/15
  3816 | D:4      | Got a smoking spear
  3817 | D:4      | Identified the cursed +3 spear "Zilis" {venom, +Rage Str+2}
                  | (You found it on level 4 of the Dungeon)
  3975 | D:5      | Entered Level 5 of the Dungeon
  4218 | D:5      | Noticed quoriil's ghost (novice TeAK)
  4223 | D:5      | Found a transporter.
  4331 | D:5      | Found a shimmering altar of Xom.
  4343 | D:5      | Found a transporter.
  4598 | D:5      | Reached * piety under Vehumet
  4598 | D:5      | Offered knowledge of Shock by Vehumet.
  5000 | D:6      | Reached XP level 9. HP: 48/68 MP: 14/18
  5044 | D:6      | Found a bloodstained altar of Trog.
  5677 | D:7      | Offered knowledge of Magic Dart by Vehumet.
  5693 | D:7      | Found an ancient bone altar of Kikubaaqudgha.
  5707 | D:7      | Reached ** piety under Vehumet
  5746 | D:7      | Got a wizard robe
  5762 | D:7      | Identified the +1 robe "Leczav" {rPois rF++ Dex+2 Stlth+}
                  | (You found it on level 7 of the Dungeon)
  6967 | D:8      | Reached XP level 10. HP: 71/75 MP: 9/21
  6981 | D:7      | Offered knowledge of Mephitic Cloud by Vehumet.
  7374 | D:8      | Found an opulent altar of Gozag.
  7376 | D:8      | Found a stormy altar of Qazlal.
  7802 | D:8      | Found a staircase to the Lair.
  7828 | D:8      | Found a burning altar of Makhleb.
  7869 | D:9      | Reached *** piety under Vehumet
  7927 | D:9      | Offered knowledge of Fulminant Prism by Vehumet.
  8424 | D:9      | Noticed an unseen horror
  8429 | D:9      | Killed an unseen horror
  8450 | D:9      | Reached XP level 11. HP: 66/81 MP: 1/23
  8452 | D:9      | Reached skill level 10 in Fire Magic
  8883 | D:9      | Reached **** piety under Vehumet
  9068 | D:9      | Offered knowledge of Venom Bolt by Vehumet.
  9211 | D:9      | Learned a level 5 spell: Venom Bolt
  9216 | D:9      | Learned a level 4 spell: Airstrike
  9604 | D:10     | Entered Level 10 of the Dungeon
  9693 | D:10     | Noticed an unseen horror
  9703 | D:10     | Killed an unseen horror
  9703 | D:10     | Reached skill level 10 in Conjurations
  9716 | D:10     | Noticed an unseen horror
  9721 | D:10     | Killed an unseen horror
  9802 | D:10     | Got a brightly glowing ring mail
  9819 | D:10     | Found Geyz's Antique Weapon Emporium.
  9866 | D:10     | HP: 2/81 [troll zombie (8)]
  9866 | D:10     | Mangled by a troll zombie

Levels and vault maps discovered:
D:1:      giann_forest_graveyard, layout_basic, minmay_pentomino_o2
D:2:      layout_loops_ring, first_ration, lexackson_kobold_supper, uniq_terence
D:3:      layout_loops_ring, yredelemnul_altar_generic, lemuel_doored_altar,
          kennysheep_big_empty_room, uniq_grinder, uniq_ijyb
D:4:      layout_loops_ring, lemuel_crystal_altar, cheibriados_altar_1,
          minmay_temple_entry_waves, wad_floor_pattern_untrapped, uniq_duvessa
D:5:      layout_cave_pools, nicolae_overflow_crystal_walls, serial_park,
          serial_park_tiny_1, serial_park_gazebo [serial_park_minivault_5x5_3],
          serial_park_square2, serial_park_square1
          [serial_park_minivault_5x5_3], serial_park_square2,
          gammafunk_ghost_hive
D:6:      layout_cave_pools, trog_ov_bears_minmay
D:7:      wad_lake_hut, layout_cave_pools, kiku_gazebo_garden_becter
D:8:      layout_cave_pools, makhleb_grotto_becter, minitemple,
          lair_entry_dummy, small_statue_intersection,
          hangedman_little_slice_of_home
D:9:      layout_cave_pods, hangedman_glass_teeth, hangedman_decor_opposing,
          centaur_isle
D:10:     layout_roguey, zombieorc1_lemuel, serial_shops, shop,
          nicolae_transmutations_shop, uniq_harold
Temple:   nicolae_temple_hex_pool

Skill      XL: |  1  2  3  4  5  6  7  8  9 10 11 |
---------------+----------------------------------+-----
Conjurations   | 2 3 4 5 6 8 9 10 | 10.3
Spellcasting   | 3 4 5 6 7 8 9 |  9.6
Fire Magic     | 4 5 7 8 9 10 | 10.6
Dodging        | |  1.5
Stealth        | |  3.0

Action                   |  1- 3 |  4- 6 |  7- 9 | 10-12 || total
-------------------------+-------+-------+-------+-------++-------
Melee: Unarmed           |     6 |    21 |       |       ||    27
       Dagger            |     9 |    71 |    14 |       ||    94
       Spear             |       |       |   124 |   128 ||   252
 Cast: Flame Tongue      |    33 |    65 |    75 |    86 ||   259
       Sticky Flame      |       |     4 |    30 |    29 ||    63
       Fireball          |       |       |    11 |    28 ||    39
 Abil: Spit Poison       |    24 |    15 |    12 |     8 ||    59
Evoke: Wand              |       |     4 |     3 |     4 ||    11
  Use: Scroll            |       |     7 |     1 |     2 ||    10
       Potion            |       |       |     3 |     2 ||     5
 Stab: Sleeping          |       |     1 |     3 |     2 ||     6
  Eat: Chunk             |     1 |     7 |    19 |    11 ||    38
       Ration            |       |       |       |     2 ||     2
Armor: Robe              |     5 |    13 |    49 |    86 ||   153
Dodge: Dodged            |    28 |    42 |   129 |   134 ||   333

Table legend:
 A = Non-vault XP
 B = Vault XP
 C = Vault XP percentage of total XP
 D = Non-vault monster count
 E = Vault monster count
 F = Vault count percentage of total count
                 A         B        C        D         E       F
            +---------+---------+-------+---------+---------+-------
      Total |   11539 |    1909 |  14.2 |     246 |      39 |  13.7
            +---------+---------+-------+---------+---------+-------
        D:1 |      51 |       2 |   3.8 |      28 |       1 |   3.4
        D:2 |      60 |      49 |  45.0 |      20 |       9 |  31.0
        D:3 |     204 |      82 |  28.7 |      22 |       2 |   8.3
        D:4 |     615 |     231 |  27.3 |      25 |       2 |   7.4
        D:5 |     409 |     351 |  46.2 |      16 |       7 |  30.4
        D:6 |    1037 |     247 |  19.2 |      26 |       2 |   7.1
        D:7 |    1276 |       0 |   0.0 |      33 |       0 |   0.0
        D:8 |    1030 |     200 |  16.3 |      11 |       9 |  45.0
        D:9 |    4138 |     684 |  14.2 |      50 |       6 |  10.7
       D:10 |    2719 |      63 |   2.3 |      15 |       1 |   6.2
            +---------+---------+-------+---------+---------+-------
